 Dungeon Crawl Stone Soup version 0.26-a0-70-g31f1466007 (webtiles) character file.

Game seed: 7544968595820214439

(classic levelgen) 776 Amnesiac the Sneak (level 7, -10/46 HPs)
             Began as a Demonspawn Enchanter on June 14, 2020.
             Was an Initiate of Kikubaaqudgha.
             Mangled by an orc warrior
             ... wielding a +0 flail
              (20 damage)
             ... on level 6 of the Dungeon.
             The game lasted 00:15:03 (5971 turns).

Amnesiac the Sneak (Demonspawn Enchanter)           Turns: 5971, Time: 00:15:04

Health: -10/46     AC:  9    Str:  8    XL:     7   Next: 54%
Magic:  1/10       EV: 12    Int: 19    God:    Kikubaaqudgha [......]
Gold:   346        SH:  5    Dex: 13    Spells: 2/11 levels left

rFire    + . .     SeeInvis .   a - +1 dagger
rCold    + . .     Gourm    .   (no shield)
rNeg     + . .     Faith    .   k - +2 leather armour {rN+}
rPois    +         Spirit   .   (helmet restricted)
rElec    +         Reflect  +   (no cloak)
rCorr    +         Harm     .   (no gloves)
MR       .....                  (no boots)
Stlth    +++.......             g - amulet of reflection
HPRegen  0.15/turn              (no ring)
MPRegen  0.12/turn              (no ring)

@: mighty, resistant, flying, very slightly contaminated
A: horns 2, iridescent scales 2, rot immunity
a: Renounce Religion


You were on level 6 of the Dungeon.
You worshipped Kikubaaqudgha.
Kikubaaqudgha was noncommittal.
You were not hungry.

You visited 2 branches of the dungeon, and saw 7 of its levels.

You collected 346 gold pieces.

Inventory:

Hand Weapons
 a - a +1 dagger (weapon)
 e - a +0 long sword
Missiles
 f - 3 boomerangs (quivered)
 l - 11 poisoned darts
Armour
 b - a +0 robe
 k - a +2 leather armour of positive energy (worn)
Jewellery
 g - an amulet of reflection (around neck)
Scrolls
 c - a scroll of fog {!r, unknown}
 i - 7 scrolls of identify {!r}
 j - a scroll of amnesia {!r, unknown}
 n - 3 scrolls of remove curse {!r, unknown}
 o - a scroll of immolation {!r, unknown}
 q - a scroll of random uselessness {!r, unknown}
 t - 2 scrolls of enchant armour {!r, unknown}
 w - a scroll of magic mapping {!r, unknown}
Potions
 h - 2 potions of curing {!q}
 p - a potion of invisibility {!q, unknown}
 r - a potion of cancellation {!q, unknown}
 s - a potion of resistance {!q}
Comestibles
 d - 7 rations
 v - 2 chunks of flesh


   Skills:
 - Level 4.0 Short Blades
 - Level 2.0 Dodging
 + Level 6.2 Stealth
 + Level 2.6 Spellcasting
 * Level 4.8 Hexes


You had 2 spell levels left.
You knew the following spells:

 Your Spells              Type           Power        Failure   Level  Hunger
a - Ensorcelled Hibernat  Hex/Ice        ##....       13%         2    ##.....
b - Corona                Hex            ###....      3%          1    #......
w - Tukima's Dance        Hex            ###.....     10%         3    ###....
z - Confusing Touch       Hex            ###.....     10%         3    ###....

Your spell library contained the following spells:

 Spells                   Type           Power        Failure   Level  Hunger
 Dazzling Flash           Conj/Hex       ##....       26%         3    ###....


Dungeon Overview and Level Annotations

Branches:
Dungeon (6/15)             Temple (1/1) D:5

Altars:
Ashenzari
Cheibriados
Dithmenos
Elyvilon
Gozag
Kikubaaqudgha
Makhleb
Okawaru
Qazlal
Ru
Sif Muna
Trog
Uskayaw
Vehumet
Xom
Yredelemnul
Zin
The Shining One

Shops:
D:4 =


Innate Abilities, Weirdness & Mutations

You have a pair of horns on your head.
You are mostly covered in iridescent scales. (AC +4)
You are immune to rotting.


Message History

There is a stone staircase leading down here.
The gnoll hits you from afar with a +0 spear.
You block the gnoll's attack. You block the gnoll's attack.
You climb downwards.
A hound and an ogre come into view.
The ogre shouts!
Found a spear, 14 stones, a shimmering hunting sling and a falchion.
There is a stone staircase leading up here.
Really read
i - 8 scrolls labeled ZATEIG SAORHIA {!r}?
As you read the scroll labeled ZATEIG SAORHIA {!r}, it crumbles to dust.
It is a scroll of identify.
x - a scroll of teleportation {!r} The gnoll shaman hits you with a +0 whip!
* * * LOW HITPOINT WARNING * * *
Really read
x - a scroll of teleportation {!r}?
As you read the scroll of teleportation {!r}, it crumbles to dust.
You feel strangely unstable. The gnoll shaman misses you.
The hound barks!
The gnoll shaman barely misses you.
The ogre hits you with a +0 giant spiked club!!
* * * LOW HITPOINT WARNING * * *
Your surroundings suddenly seem different.
Found four items.
An orc, an orc warrior and an orc wizard come into view.
The orc warrior moves out of view.
The orc wizard moves out of view.
The orc shouts!
You open the door.
An orc priest comes into view. It is wielding a +0 mace.
A jackal comes into view.
Found a bloodstained altar of Trog.
You close the door.
The orc warrior shouts!
You hear a shout!
Okay, then.
Okay, then.
Okay, then.
Really quaff
h - 3 lumpy green potions {!q}?
It was a potion of curing {!q}.
You feel better.
A crimson imp comes into view.
Your magical contamination has completely faded away.
Really quaff
u - a coppery potion {!q}?
It was a potion of might {!q}.
You feel very mighty all of a sudden.
Really quaff
s - 2 smoky dark potions {!q}?
It was a potion of resistance {!q}.
You feel protected.
Casting: Ensorcelled Hibernation (safe; 13% risk of failure)
Confirm with . or Enter, or press ? or * to list all spells.
You miscast Confusing Touch.
You are very lightly contaminated with residual magic.
Nothing appears to happen.
The orc closely misses you.
Really quaff
m - a blue potion {!q}?
It was a potion of flight {!q}.
You feel very buoyant.
You fly up into the air.
You barely miss the orc warrior.
The orc wizard shouts!
You hit the orc warrior.
The orc warrior is lightly wounded.
You hit the orc warrior.
The orc warrior is lightly wounded.
The orc warrior hits you with a +0 flail!!
You die...
Kikubaaqudgha rasps: "You have failed me!
Welcome... death!"

+### ...!..[
...# .......
.#.# ....o..
o..# #....o.
h#.# #..=...
...
#...o..###+#
#.....?5o@.#
#.......o.##
###########


You could see an orc warrior, an orc wizard, a crimson imp and an orc.

Vanquished Creatures
  Grinder (D:3)
  An ogre (D:4)
  A jelly (D:5)
  A hound (D:4)
  An orc priest (D:5)
  A bullfrog skeleton (D:5)
  An iguana (D:4)
  2 orc wizards
  2 worker ants (D:4)
  7 gnolls
  9 adders
  An ooze (D:5)
  A worm (D:1)
  5 leopard geckos
  6 orcs
  11 bats
  3 giant cockroaches
  13 goblins
  6 hobgoblins
  10 jackals
  7 kobolds
  3 quokkas
  4 ball pythons
  6 frilled lizards
  A quokka skeleton (D:4)
  A quokka zombie (D:5)
  6 rats
111 creatures vanquished.

Notes
Turn   | Place    | Note
-------+----------+-------------------------------------------
     0 | D:1      | Amnesiac the Demonspawn Enchanter began the quest for the
                  | Orb.
     0 | D:1      | Reached XP level 1. HP: 13/13 MP: 3/3
    40 | D:2      | Reached skill level 1 in Short Blades
   331 | D:1      | Reached skill level 3 in Stealth
   333 | D:1      | Gained mutation: You are partially covered in iridescent
                  | scales. (AC +2) [demonic ancestry]
   333 | D:1      | Reached XP level 2. HP: 19/19 MP: 0/5
   341 | D:1      | Learned a level 2 spell: Ensorcelled Hibernation
  1145 | D:1      | Gained mutation: You are immune to rotting. [demonic
                  | ancestry]
  1145 | D:1      | Reached XP level 3. HP: 16/24 MP: 1/6
  1774 | D:2      | Gained mutation: You are mostly covered in iridescent
                  | scales. (AC +4) [demonic ancestry]
  1774 | D:2      | Reached XP level 4. HP: 29/30 MP: 4/7
  1785 | D:2      | Reached skill level 4 in Stealth
  2324 | D:2      | Learned a level 3 spell: Confusing Touch
  2398 | D:2      | Found a glowing golden altar of the Shining One.
  2936 | D:3      | Found a sacrificial altar of Ru.
  2936 | D:3      | Found a shattered altar of Ashenzari.
  2962 | D:3      | Gained mutation: You have a pair of small horns on your
                  | head. [demonic ancestry]
  2962 | D:3      | Reached XP level 5. HP: 34/35 MP: 5/8
  3170 | D:4      | Found Buisoagg's Jewellery Shoppe.
  3694 | D:4      | Gained mutation: You have a pair of horns on your head.
                  | [demonic ancestry]
  3694 | D:4      | Reached XP level 6. HP: 31/41 MP: 0/9
  4204 | D:3      | Noticed Grinder
  4205 | D:3      | Paralysed by Grinder for 2 turns
  4221 | D:3      | Killed Grinder
  4221 | D:3      | Reached skill level 5 in Stealth
  4564 | D:4      | Found a radiant altar of Vehumet.
  4717 | D:4      | Learned a level 3 spell: Tukima's Dance
  4719 | D:4      | Reached skill level 6 in Stealth
  4719 | D:4      | Reached XP level 7. HP: 46/46 MP: 10/10
  4975 | D:5      | Entered Level 5 of the Dungeon
  5252 | D:5      | Found a staircase to the Ecumenical Temple.
  5259 | Temple   | Entered the Ecumenical Temple
  5340 | Temple   | Became a worshipper of Kikubaaqudgha
  5478 | D:5      | Found an opulent altar of Gozag.
  5561 | D:5      | Found a white marble altar of Elyvilon.
  5958 | D:6      | HP: 2/46 [ogre/+0 giant spiked club (21)]
  5962 | D:6      | Found a bloodstained altar of Trog.
  5971 | D:6      | Mangled by an orc warrior

Illustrated notes

Levels and vault maps discovered:
D:1:      eino_arrival_druids_welcome, layout_basic, minmay_circled_x
D:2:      layout_loops_ring, nicolae_tso_carved_into_rock
D:3:      layout_rooms, chequers_temple_overflow_statue_of_worship,
          first_ration, serial_rivers, chequers_serial_rivers_micro_d,
          chequers_serial_rivers_large_a, chequers_serial_rivers_small_3,
          chequers_serial_rivers_room_a, chequers_serial_rivers_room_a,
          st_stairs_12, roderic_st_hans_cross, minmay_circle_x, uniq_grinder
D:4:      layout_basic, lemuel_coloured_pillars_altar, serial_shops, shop,
          minmay_goblin_outpost
D:5:      layout_basic, nicolae_gozag_cash_rules_everything_around_me,
          overflow_temple_1_default, minmay_temple_entry_gardened_gates
D:6:      layout_basic, kennysheep_little_box, kennysheep_mini
Temple:   minmay_temple_curvy_loop

Skill      XL: |  1  2  3  4  5  6 |
---------------+-------------------+-----
Short Blades   | 1 2 3 4 |  4.0
Stealth        | 3 4 6 |  6.2
Hexes          | 4 |  4.8
Dodging        | 2 |  2.0
Spellcasting   | |  2.6

Action                   |  1- 3 |  4- 6 |  7- 9 || total
-------------------------+-------+-------+-------++-------
Melee: Dagger            |   122 |   121 |   101 ||   344
       Headbutt          |       |    10 |     5 ||    15
Throw: Boomerang         |     7 |       |       ||     7
 Cast: Corona            |     8 |       |       ||     8
       Ensorcelled Hiber |    29 |    50 |    15 ||    94
       Confusing Touch   |       |     2 |     3 ||     5
       Tukima's Dance    |       |       |     2 ||     2
  Use: Potion            |       |       |     4 ||     4
       Scroll            |       |       |     2 ||     2
 Stab: Sleeping          |    17 |    35 |    12 ||    64
       Confused          |       |     2 |     2 ||     4
  Eat: Chunk             |     4 |    13 |     3 ||    20
       Ration            |       |       |     1 ||     1
Armor: Robe              |    47 |       |       ||    47
       Leather armour    |     4 |    35 |    25 ||    64
Dodge: Dodged            |    78 |    39 |    34 ||   151
Block: Other             |    25 |    24 |    25 ||    74

Table legend:
 A = Non-vault XP
 B = Vault XP
 C = Vault XP percentage of total XP
 D = Non-vault monster count
 E = Vault monster count
 F = Vault count percentage of total count
                 A         B        C        D         E       F
            +---------+---------+-------+---------+---------+-------
      Total |     828 |     281 |  25.3 |      95 |      16 |  14.4
            +---------+---------+-------+---------+---------+-------
        D:1 |      49 |       6 |  10.9 |      27 |       4 |  12.9
        D:2 |     118 |       0 |   0.0 |      26 |       0 |   0.0
        D:3 |      33 |     265 |  88.9 |       6 |       7 |  53.8
        D:4 |     364 |      10 |   2.7 |      21 |       5 |  19.2
        D:5 |     264 |       0 |   0.0 |      15 |       0 |   0.0
            +---------+---------+-------+---------+---------+-------
